 Dungeon Crawl Stone Soup version 0.26-a0-651-gb41185065b (webtiles) character file.

Game seed: 12423345439169081338

54 Azzok the Shield-Bearer (level 3, 0/29 HPs)
             Began as a Demonspawn Fighter on Oct 17, 2020.
             Slain by Sigmund
             ... wielding a +0 scythe
              (7 damage)
             ... on level 3 of the Dungeon.
             The game lasted 00:01:24 (1210 turns).

Azzok the Shield-Bearer (Demonspawn Fighter)        Turns: 1210, Time: 00:01:25

Health: 0/29       AC:  6    Str: 16    XL:     3   Next: 66%
Magic:  3/3        EV:  7    Int: 10    God:
Gold:   51         SH:  9    Dex: 12    Spells: 2/2 levels left

rFire    . . .     SeeInvis .     - Unarmed
rCold    . . .     Faith    .   b - +0 kite shield
rNeg     . . .     Spirit   .   a - +0 scale mail
rPois    .         Reflect  .   (no helmet)
rElec    .         Harm     .   (no cloak)
rCorr    .         Rampage  .   (no gloves)
MR       .....                  (no boots)
Stlth    ..........             (no amulet)
HPRegen  0.09/turn              (no ring)
MPRegen  0.08/turn              (no ring)

@: no status effects
A: hooves 1, sturdy frame 1
a: no special abilities


You were on level 3 of the Dungeon.
You visited 1 branch of the dungeon, and saw 3 of its levels.

You collected 51 gold pieces.

Inventory:

Armour
 a - a +0 scale mail (worn)
 b - a +0 kite shield (worn)
Scrolls
 e - a scroll of teleportation {unknown}
 f - 3 scrolls of amnesia {unknown}
 g - a scroll of immolation {unknown}
 h - a scroll of fog {unknown}
 i - 2 scrolls of remove curse {unknown}
 j - a scroll of identify {unknown}
 k - a scroll of enchant armour {unknown}
Potions
 c - a potion of might
 d - 2 potions of flight {unknown}


   Skills:
 - Level 3.0 Fighting
 - Level 2.6 Armour
 + Level 3.5 Shields
 + Level 2.9 Unarmed Combat


You had 2 spell levels left.
You didn't know any spells.
Your spell library was empty.

Dungeon Overview and Level Annotations

Branches:
Dungeon (2/15)

Altars:

Annotations:
D:3 Sigmund


Innate Abilities, Weirdness & Mutations

You have large cloven feet.
Your movements are slightly less encumbered by armour. (ER -2)


Message History

Sigmund barely misses you.
You barely miss Sigmund. You kick Sigmund.
Sigmund is moderately wounded.
Your shield and scale mail prevent you from hitting Sigmund.
You kick Sigmund.
Sigmund is heavily wounded.
Sigmund hits you but does no damage.
You hit Sigmund. Your kick misses Sigmund.
Sigmund is heavily wounded.
You block Sigmund's attack.
You hit Sigmund.
Sigmund is severely wounded.
You hit Sigmund.
Sigmund is severely wounded.
Sigmund hits you with a +0 scythe!
* * * LOW HITPOINT WARNING * * *
You hit Sigmund. You kick Sigmund.
Sigmund is severely wounded.
Sigmund hits you with a +0 scythe!
You die...

···▒· ·····
▒····· [·····
▒···· ▒▒···
▒··▒
▒▒▒▒▒▒▒▒·▒
▒·@@·····▒
······▒▒▒▒▒▒▒▒
····· ···· ···
·· ▒


You could see Sigmund.

Vanquished Creatures
  An adder (D:2)
  An ooze (D:1)
  2 dart slugs (D:1)
  3 bats
  2 giant cockroaches (D:1)
  5 goblins (D:1)
  4 hobgoblins (D:1)
  4 jackals (D:1)
  5 frilled lizards
  3 kobolds
  6 rats (D:1)
36 creatures vanquished.

Notes
Turn   | Place    | Note
-------+----------+-------------------------------------------
     0 | D:1      | Azzok the Demonspawn Fighter began the quest for the Orb.
     0 | D:1      | Reached XP level 1. HP: 18/18 MP: 1/1
   212 | D:1      | Gained mutation: Your movements are slightly less
                  | encumbered by armour. (ER -2) [demonic ancestry]
   212 | D:1      | Reached XP level 2. HP: 16/24 MP: 2/2
   722 | D:1      | Gained mutation: You have large cloven feet. [demonic
                  | ancestry]
   722 | D:1      | Reached XP level 3. HP: 29/29 MP: 3/3
  1189 | D:2      | You fall into a shaft and drop 1 floor!
  1192 | D:3      | Noticed Sigmund
  1210 | D:3      | Slain by Sigmund

Illustrated notes

Levels and vault maps discovered:
D:1:      kilobyte_arrival_exit_the_forest, layout_basic, minmay_heptomino_l4
D:2:      layout_basic, chequers_ecumenical_altar_island,
          makhleb_heckhound_becter, uniq_terence
D:3:      layout_rooms, uniq_sigmund, uniq_ijyb

Skill      XL: |  1 |
---------------+----+-----
Unarmed Combat | 2 |  2.9
Shields        | 3 |  3.5
Fighting       | |  3.0
Armour         | |  2.6

Action                   || total
-------------------------++-------
Melee: Unarmed           ||   168
       Kick              ||    13
Armor: Scale mail        ||    80
Dodge: Dodged            ||    37
Block: Kite shield       ||    80

Table legend: (Time is in decaauts)
 A = Elapsed time spent in this place.
 B = Non-inter-level travel time spent in this place.
 C = Inter-level travel time spent in this place.
 D = Time resting spent in this place.
 E = Time spent auto-exploring this place.
 F = Levels seen in this place.
 G = Mean time per level.
                   A        B        C        D        E       F      G
               +--------+--------+--------+--------+--------+-----+--------+
         Total |   1222 |   1198 |     24 |    114 |    799 |   3 |  407.3 |
       Dungeon |   1222 |   1198 |     24 |    114 |    799 |   3 |  407.3 |
               +--------+--------+--------+--------+--------+-----+--------+

Top non-repeatable levels by time:
     D:1: 1106 daAuts
     D:2: 94 daAuts
     D:3: 21 daAuts
